[Event "FICS rated lightning game"]
[Site "FICS freechess.org"]
[FICSGamesDBGameNo "20002589"]
[White "CHASTISER"]
[Black "Buckyball"]
[WhiteElo "1487"]
[BlackElo "1639"]
[WhiteRD "na"]
[BlackRD "na"]
[TimeControl "120+0"]
[Date "1999.10.13"]
[Time "13:17:00"]
[WhiteClock "0:02:00.000"]
[BlackClock "0:02:00.000"]
[ECO "C77"]
[PlyCount "49"]
[Result "1-0"]

1. e4 e5 2. Nf3 Nc6 3. Bb5 a6 4. Ba4 Nf6 5. d3 b5 6. Bb3 Bb7 7. Nbd2 Bc5 8. Nf1 h6 9. Ng3 O-O 10. c3 Ne7 11. O-O d6 12. Be3 Bxe3 13. fxe3 Ng6 14. Qe2 Bc8 15. d4 Bg4 16. h3 Bxf3 17. Rxf3 a5 18. Raf1 a4 19. Bc2 exd4 20. cxd4 c6 21. Rxf6 gxf6 22. Nf5 Kh7 23. Qh5 Rh8 24. Qxh6+ Kg8 25. Qg7# {Black checkmated} 1-0

[Event "FICS rated lightning game"]
[Site "FICS freechess.org"]
[FICSGamesDBGameNo "20002588"]
[White "CHASTISER"]
[Black "adeptly"]
[WhiteElo "1487"]
[BlackElo "1362"]
[WhiteRD "na"]
[BlackRD "na"]
[TimeControl "120+0"]
[Date "1999.10.13"]
[Time "13:11:00"]
[WhiteClock "0:02:00.000"]
[BlackClock "0:02:00.000"]
[ECO "B32"]
[PlyCount "50"]
[Result "0-1"]

1. e4 c5 2. Nf3 Nc6 3. d4 cxd4 4. c3 e6 5. cxd4 Nge7 6. Nc3 d5 7. Bg5 Qb6 8. Qd2 h6 9. Bxe7 Bxe7 10. exd5 exd5 11. Nxd5 Bb4 12. Nc3 O-O 13. Be2 Be6 14. O-O Rfe8 15. a3 Bd6 16. Rac1 Rac8 17. Ne4 Be7 18. Nc5 Bxc5 19. dxc5 Qc7 20. Qc2 Rcd8 21. Bc4 Bxc4 22. Qxc4 Na5 23. Qb5 a6 24. Qb6 Qxb6 25. cxb6 Rd6 {White forfeits on time} 0-1

[Event "FICS rated blitz game"]
[Site "FICS freechess.org"]
[FICSGamesDBGameNo "20002587"]
[White "rauer"]
[Black "nsns"]
[WhiteElo "1756"]
[BlackElo "1788"]
[WhiteRD "na"]
[BlackRD "na"]
[TimeControl "180+0"]
[Date "1999.10.13"]
[Time "13:09:00"]
[WhiteClock "0:03:00.000"]
[BlackClock "0:03:00.000"]
[ECO "B70"]
[PlyCount "107"]
[Result "1-0"]

1. e4 c5 2. Nf3 d6 3. d4 cxd4 4. Nxd4 Nf6 5. Nc3 g6 6. Bg5 Bg7 7. Qd2 O-O 8. O-O-O Nc6 9. Nb3 Be6 10. Bh6 a6 11. Bxg7 Kxg7 12. h4 h5 13. Be2 b5 14. Bf3 Ne5 15. Nd4 Qa5 16. Nxe6+ fxe6 17. Kb1 Nc4 18. Qd4 Rac8 19. Be2 Na3+ 20. Kc1 Rxc3 21. Qxc3 Qxc3 22. bxc3 Nxe4 23. Kb2 Nc4+ 24. Bxc4 bxc4 25. Rd4 Nxf2 26. Re1 d5 27. Rxe6 Rf7 28. Rxd5 Rf4 29. Rxe7+ Kf6 30. Rdd7 Rxh4 31. Rf7+ Ke6 32. Rde7+ Kd6 33. Ra7 Nd1+ 34. Ka3 Rg4 35. Rxa6+ Kc5 36. Rc7+ Kb5 37. Rac6 Nxc3 38. Rc5+ Kb6 39. R7c6+ Kb7 40. Rxc4 Nb5+ 41. Kb4 Rxc4+ 42. Rxc4 Nd6 43. Rd4 Nf5 44. Rd5 Ne3 45. Rd7+ Kc6 46. Rg7 Nxc2+ 47. Kc3 Ne3 48. Rxg6+ Kc7 49. a4 Nd5+ 50. Kd4 Nf4 51. Rg7+ Kb6 52. Rh7 Nxg2 53. Rxh5 Ne1 54. Kc4 {Black forfeits on time} 1-0

[Event "FICS rated blitz game"]
[Site "FICS freechess.org"]
[FICSGamesDBGameNo "20002586"]
[White "garyjaz"]
[Black "Hartmut"]
[WhiteElo "1708"]
[BlackElo "1754"]
[WhiteRD "na"]
[BlackRD "na"]
[TimeControl "180+0"]
[Date "1999.10.13"]
[Time "13:02:00"]
[WhiteClock "0:03:00.000"]
[BlackClock "0:03:00.000"]
[ECO "C50"]
[PlyCount "113"]
[Result "1-0"]

1. e4 e5 2. Nf3 Nc6 3. Bc4 Be7 4. O-O Nf6 5. Re1 O-O 6. c3 d6 7. h3 a6 8. d4 b5 9. Bf1 Bb7 10. Bg5 Na5 11. d5 Nc4 12. b3 Nb6 13. Nbd2 Bc8 14. c4 bxc4 15. Nxc4 Nxc4 16. bxc4 Bd7 17. Qc2 Nh5 18. Bxe7 Qxe7 19. Re3 f5 20. exf5 Bxf5 21. Bd3 Bxd3 22. Qxd3 Nf4 23. Qe4 Qf7 24. Rb1 Rab8 25. Ng5 Qg6 26. Qxg6 Nxg6 27. Rxb8 Rxb8 28. Ne6 Rb7 29. g3 Ne7 30. g4 Ng6 31. Ra3 Nf4 32. Rxa6 Nxh3+ 33. Kh2 Nf4 34. Ng5 Rb8 35. Ra7 Rc8 36. Kg3 h6 37. Ne4 Kh7 38. a4 Kg6 39. a5 Ne2+ 40. Kf3 Nd4+ 41. Ke3 h5 42. gxh5+ Kxh5 43. a6 g5 44. Rb7 Kh4 45. a7 Ra8 46. Rxc7 Nf5+ 47. Ke2 Nd4+ 48. Kf1 Nf3 49. Ng3 Kg4 50. Rd7 Nd2+ 51. Ke2 Nxc4 52. Ne4 Nb6 53. Rxd6 Nc4 54. Rd7 Nb6 55. Rg7 Kf4 56. Nf6 Nc4 57. Nh5+ {Black forfeits on time} 1-0

[Event "FICS rated blitz game"]
[Site "FICS freechess.org"]
[FICSGamesDBGameNo "20002585"]
[White "Battlestar"]
[Black "Latvija"]
[WhiteElo "1422"]
[BlackElo "1205"]
[WhiteRD "na"]
[BlackRD "na"]
[TimeControl "120+12"]
[Date "1999.10.13"]
[Time "12:58:00"]
[WhiteClock "0:02:00.000"]
[BlackClock "0:02:00.000"]
[ECO "C68"]
[PlyCount "97"]
[Result "1-0"]

1. e4 e5 2. Nf3 Nc6 3. Bb5 a6 4. Bxc6 dxc6 5. O-O Nf6 6. Nxe5 Nxe4 7. Re1 Bf5 8. d3 f6 9. Nf3 Bc5 10. Nc3 Bxf2+ 11. Kf1 Bxe1 12. Qxe1 O-O 13. dxe4 Bg4 14. Bf4 Re8 15. Rd1 Qe7 16. Qg3 Bxf3 17. gxf3 g5 18. Kg2 Qc5 19. Bxc7 Rac8 20. Bd6 Qc4 21. h4 Qf7 22. hxg5 fxg5 23. Qxg5+ Qg6 24. Qxg6+ hxg6 25. f4 Re6 26. e5 Kh7 27. Ne4 Rg8 28. Nf6+ Rxf6 29. exf6 Re8 30. Rh1+ Kg8 31. Be5 Rd8 32. Rh6 Kf7 33. Rh7+ Ke6 34. Bc3 b5 35. f7 Rf8 36. Bb4 Rxf7 37. Rxf7 Kxf7 38. Kg3 Ke6 39. Kg4 Kf7 40. Kg5 Kg7 41. Bc3+ Kf7 42. Kh6 c5 43. b4 cxb4 44. Bxb4 Kf6 45. Bc3+ Kf5 46. Be5 a5 47. c3 a4 48. a3 g5 49. fxg5 {Black resigns} 1-0

[Event "FICS rated blitz game"]
[Site "FICS freechess.org"]
[FICSGamesDBGameNo "20002584"]
[White "clifford"]
[Black "Rpantherii"]
[WhiteElo "1329"]
[BlackElo "1108"]
[WhiteRD "na"]
[BlackRD "na"]
[TimeControl "300+5"]
[Date "1999.10.13"]
[Time "12:20:00"]
[WhiteClock "0:05:00.000"]
[BlackClock "0:05:00.000"]
[ECO "B06"]
[PlyCount "58"]
[Result "0-1"]

1. e4 g6 2. d4 Bg7 3. Nf3 Nc6 4. e5 d5 5. c3 e6 6. Bb5 Ne7 7. O-O O-O 8. Be3 f6 9. Qd2 fxe5 10. Nxe5 Bxe5 11. dxe5 Nxe5 12. Bd4 Ng4 13. Qg5 h5 14. Be2 e5 15. Bxg4 exd4 16. Bxc8 Rxc8 17. Nd2 Qd7 18. cxd4 Qg4 19. Qxg4 hxg4 20. f3 gxf3 21. Nxf3 Nf5 22. Ne5 Nxd4 23. Nxg6 Ne2+ 24. Kh1 Rxf1+ 25. Rxf1 Re8 26. Rf2 d4 27. Nf4 Nxf4 28. Rxf4 Re1+ 29. Rf1 Rxf1# {White checkmated} 0-1

[Event "FICS rated blitz game"]
[Site "FICS freechess.org"]
[FICSGamesDBGameNo "20002583"]
[White "igrulya"]
[Black "norvo"]
[WhiteElo "1851"]
[BlackElo "1826"]
[WhiteRD "na"]
[BlackRD "na"]
[TimeControl "300+0"]
[Date "1999.10.13"]
[Time "12:11:00"]
[WhiteClock "0:05:00.000"]
[BlackClock "0:05:00.000"]
[ECO "E76"]
[PlyCount "45"]
[Result "1-0"]

1. d4 Nf6 2. c4 d6 3. Nc3 g6 4. e4 Bg7 5. f4 O-O 6. Nf3 Na6 7. Be3 c6 8. h3 Re8 9. Be2 Nc7 10. Qd2 Bd7 11. Rd1 b5 12. b3 bxc4 13. bxc4 Rb8 14. O-O e6 15. e5 dxe5 16. dxe5 Nh5 17. Qxd7 Qxd7 18. Rxd7 Na6 19. Rxa7 Nb4 20. Ne4 Nc2 21. Bc1 Bf8 22. g4 f5 23. exf6 {Black resigns} 1-0

[Event "FICS rated blitz game"]
[Site "FICS freechess.org"]
[FICSGamesDBGameNo "20002582"]
[White "Timogen"]
[Black "nitzan"]
[WhiteElo "1733"]
[BlackElo "1712"]
[WhiteRD "na"]
[BlackRD "na"]
[TimeControl "180+0"]
[Date "1999.10.13"]
[Time "11:34:00"]
[WhiteClock "0:03:00.000"]
[BlackClock "0:03:00.000"]
[ECO "A10"]
[PlyCount "93"]
[Result "1-0"]

1. c4 f5 2. Nf3 Nf6 3. b4 g6 4. Bb2 Bg7 5. d3 O-O 6. Nbd2 d6 7. e3 e5 8. Be2 Nc6 9. a3 a5 10. b5 Nb8 11. Qb3 Kh8 12. O-O Nbd7 13. Rac1 Nc5 14. Qc2 h6 15. Nh4 Qe8 16. d4 exd4 17. exd4 Nce4 18. Nxe4 Nxe4 19. Bf3 g5 20. Bxe4 fxe4 21. Rfe1 gxh4 22. Rxe4 Qg6 23. Qe2 Bf5 24. Rxh4 Rae8 25. Qd2 Kh7 26. c5 d5 27. c6 b6 28. a4 Re4 29. Rxe4 Bxe4 30. f3 Bxf3 31. Ba3 Rf7 32. Re1 Be4 33. Rf1 Rxf1+ 34. Kxf1 h5 35. Bc1 Qf5+ 36. Qf4 Qxf4+ 37. Bxf4 Bxd4 38. Bxc7 Bc5 39. Bf4 d4 40. c7 Bf5 41. h3 d3 42. Ke1 Bb4+ 43. Kd1 Bc8 44. Bd2 Bc5 45. Bc3 Bb7 46. Kd2 Kg6 47. Kxd3 {Black forfeits on time} 1-0

[Event "FICS rated blitz game"]
[Site "FICS freechess.org"]
[FICSGamesDBGameNo "20002581"]
[White "WhiteNoise"]
[Black "hemphandle"]
[WhiteElo "1386"]
[BlackElo "1448"]
[WhiteRD "na"]
[BlackRD "na"]
[TimeControl "180+0"]
[Date "1999.10.13"]
[Time "11:31:00"]
[WhiteClock "0:03:00.000"]
[BlackClock "0:03:00.000"]
[ECO "B13"]
[PlyCount "104"]
[Result "0-1"]

1. e4 c6 2. d4 d5 3. exd5 cxd5 4. Nc3 Nf6 5. Bg5 e6 6. Bxf6 Qxf6 7. Nf3 Bb4 8. a3 Bxc3+ 9. bxc3 b6 10. Bb5+ Bd7 11. Bxd7+ Nxd7 12. Qe2 O-O 13. O-O Rac8 14. Qd3 Rc4 15. Rab1 Rfc8 16. Rb3 Qg6 17. Rc1 Qxd3 18. cxd3 R4c7 19. c4 Nf6 20. Rbc3 dxc4 21. dxc4 Nd5 22. R3c2 b5 23. Ne1 Rxc4 24. Rxc4 Rxc4 25. Rxc4 bxc4 26. Nc2 Kf8 27. Kf1 Ke7 28. g3 Kd7 29. Ke2 Nb6 30. Ne3 Kd6 31. Kd2 Nd7 32. Kc3 Nb8 33. Nxc4+ Kd5 34. Ne3+ Ke4 35. Ng4 Kf3 36. Ne5+ Kxf2 37. Nxf7 Kg2 38. Ng5 Kxh2 39. Nxe6 g6 40. g4 Kh3 41. g5 Nd7 42. d5 Kg4 43. Kd4 Kf5 44. Nf8 Kxg5 45. Nxd7 h5 46. Ne5 h4 47. Nf3+ Kf6 48. Nxh4 g5 49. Nf3 g4 50. Ng1 g3 51. Kc5 Ke7 52. Kc6 Kd8 {White forfeits on time} 0-1

[Event "FICS rated blitz game"]
[Site "FICS freechess.org"]
[FICSGamesDBGameNo "20002580"]
[White "hasank"]
[Black "Manu"]
[WhiteElo "1794"]
[BlackElo "1844"]
[WhiteRD "na"]
[BlackRD "na"]
[TimeControl "180+0"]
[Date "1999.10.13"]
[Time "10:32:00"]
[WhiteClock "0:03:00.000"]
[BlackClock "0:03:00.000"]
[ECO "A06"]
[PlyCount "55"]
[Result "1-0"]

1. d3 d5 2. Nf3 c5 3. Bf4 Nc6 4. e3 Bg4 5. h3 Bh5 6. g4 Bg6 7. Bg2 f6 8. Nbd2 e5 9. Bg3 Bd6 10. Qe2 Nge7 11. e4 d4 12. Nc4 b5 13. Ncd2 Qc7 14. h4 h5 15. g5 fxg5 16. Nxg5 a5 17. Ne6 Qd7 18. Bh3 Qb7 19. Nxg7+ Kf7 20. Ne6 Kg8 21. Rg1 Kh7 22. Bf5 Nxf5 23. exf5 Bf7 24. Ne4 Qe7 25. Bxe5 Nxe5 26. Rg7+ Kh6 27. Qd2+ Qg5 28. Qxg5# {Black checkmated} 1-0

[Event "FICS rated blitz game"]
[Site "FICS freechess.org"]
[FICSGamesDBGameNo "20002579"]
[White "arnaudsylvain"]
[Black "Drale"]
[WhiteElo "1454"]
[BlackElo "1538"]
[WhiteRD "na"]
[BlackRD "na"]
[TimeControl "180+0"]
[Date "1999.10.13"]
[Time "10:07:00"]
[WhiteClock "0:03:00.000"]
[BlackClock "0:03:00.000"]
[ECO "D20"]
[PlyCount "111"]
[Result "0-1"]

1. d4 d5 2. c4 dxc4 3. Nc3 e6 4. e4 Nf6 5. Nf3 Bb4 6. Qc2 c6 7. Bxc4 Nbd7 8. O-O Nb6 9. b3 O-O 10. a3 Be7 11. e5 Nfd5 12. Bxd5 Nxd5 13. Nxd5 Qxd5 14. Qc4 Qa5 15. Bb2 Qc7 16. Rfd1 Rd8 17. b4 b6 18. b5 c5 19. dxc5 Rxd1+ 20. Rxd1 Bxc5 21. Bd4 Bb7 22. Bxc5 Qxc5 23. Qxc5 bxc5 24. Rc1 Bxf3 25. gxf3 Rc8 26. a4 Kf8 27. a5 Ke8 28. b6 axb6 29. axb6 Rb8 30. Rb1 Kd7 31. Kg2 Kc6 32. f4 Rxb6 33. Rxb6+ Kxb6 34. Kf3 c4 35. Ke3 Kc5 36. Kd2 Kd4 37. Kc2 c3 38. h3 Kc4 39. f3 Kb4 40. h4 Kc4 41. h5 g6 42. h6 Kd4 43. f5 gxf5 44. f4 Kc4 45. Kc1 Kd3 46. Kb1 Ke3 47. Kc2 Kxf4 48. Kxc3 Ke3 49. Kc2 Ke2 50. Kc3 f4 51. Kc4 f3 52. Kc5 f2 53. Kd6 f1=Q 54. Ke7 Kd3 55. Kd6 Ke4 56. Ke7 {White resigns} 0-1

[Event "FICS rated blitz game"]
[Site "FICS freechess.org"]
[FICSGamesDBGameNo "20002578"]
[White "braingo"]
[Black "Andropov"]
[WhiteElo "1680"]
[BlackElo "1676"]
[WhiteRD "na"]
[BlackRD "na"]
[TimeControl "300+0"]
[Date "1999.10.13"]
[Time "09:44:00"]
[WhiteClock "0:05:00.000"]
[BlackClock "0:05:00.000"]
[ECO "E38"]
[PlyCount "120"]
[Result "0-1"]

1. d4 e6 2. c4 Nf6 3. Nc3 Bb4 4. Qc2 c5 5. e3 cxd4 6. exd4 O-O 7. Nf3 d6 8. Bd3 Nc6 9. O-O Bxc3 10. Qxc3 b6 11. Bg5 h6 12. Bh4 Bb7 13. Rad1 Nb8 14. Bb1 Nbd7 15. Rfe1 Rc8 16. Qd3 Qc7 17. b3 Be4 18. Rxe4 Nxe4 19. Qxe4 g6 20. Qg4 Kg7 21. Bg3 Nf6 22. Qf4 Qe7 23. Qxd6 Qxd6 24. Bxd6 Rfd8 25. Be5 g5 26. Kf1 b5 27. c5 Rd5 28. Be4 Rxe5 29. dxe5 Nxe4 30. b4 Nc3 31. Rd7 Nxa2 32. Rxa7 Nxb4 33. Rb7 Rxc5 34. Ke2 Nd5 35. g3 b4 36. Nd4 Rc7 37. Rxc7 Nxc7 38. Kd3 Nd5 39. Kc4 Kg6 40. Nc6 Kf5 41. Nd8 f6 42. exf6 Kxf6 43. Nc6 Kf5 44. h3 h5 45. Nd4+ Ke5 46. Nf3+ Kf6 47. Nd4 g4 48. hxg4 hxg4 49. Nc6 Kf5 50. Nd4+ Ke4 51. Nxe6 Nf6 52. Kxb4 Kf3 53. Kc4 Kxf2 54. Kd3 Kxg3 55. Ke2 Kh2 56. Nf4 g3 57. Kf3 Nh5 58. Ng2 Nf6 59. Ne1 Nd7 60. Ng2 Ne5+ {White resigns} 0-1

[Event "FICS rated blitz game"]
[Site "FICS freechess.org"]
[FICSGamesDBGameNo "20002577"]
[White "MAITRE"]
[Black "Haui"]
[WhiteElo "1688"]
[BlackElo "1813"]
[WhiteRD "na"]
[BlackRD "na"]
[TimeControl "180+0"]
[Date "1999.10.13"]
[Time "09:27:00"]
[WhiteClock "0:03:00.000"]
[BlackClock "0:03:00.000"]
[ECO "B32"]
[PlyCount "69"]
[Result "1-0"]

1. e4 c5 2. Nf3 Nc6 3. d4 cxd4 4. c3 e5 5. cxd4 exd4 6. Nxd4 Bc5 7. Be3 Qf6 8. Nxc6 Bxe3 9. fxe3 bxc6 10. Nc3 Ne7 11. Bc4 O-O 12. Rf1 Qh4+ 13. Rf2 Qxh2 14. Qf3 d5 15. exd5 cxd5 16. Nxd5 Nxd5 17. Bxd5 Ba6 18. O-O-O Rac8+ 19. Kb1 Qe5 20. Bb3 Bc4 21. Bxc4 h6 22. Bb3 a5 23. Qf4 Qb5 24. Rd5 Qc6 25. Rd1 Qb5 26. Qa4 Qc5 27. Rdf1 Qxe3 28. Qxa5 Rfd8 29. Rxf7 Kh8 30. R7f3 Qe4+ 31. Ka1 Rd2 32. Qxd2 Rb8 33. Qd3 Qb7 34. Rf8+ Rxf8 35. Rxf8# {Black checkmated} 1-0

[Event "FICS rated blitz game"]
[Site "FICS freechess.org"]
[FICSGamesDBGameNo "20002576"]
[White "schmoki"]
[Black "kubu"]
[WhiteElo "2074"]
[BlackElo "2110"]
[WhiteRD "na"]
[BlackRD "na"]
[TimeControl "300+0"]
[Date "1999.10.13"]
[Time "09:07:00"]
[WhiteClock "0:05:00.000"]
[BlackClock "0:05:00.000"]
[ECO "E21"]
[PlyCount "133"]
[Result "1/2-1/2"]

1. d4 Nf6 2. c4 e6 3. Nf3 b6 4. Nc3 Bb4 5. Bg5 Bb7 6. e3 Bxc3+ 7. bxc3 d6 8. Nd2 Nbd7 9. f3 Qe7 10. e4 e5 11. Bd3 h6 12. Be3 O-O 13. O-O Rfe8 14. Qe2 Nf8 15. Nb3 Ng6 16. Qd2 Nh5 17. g3 Bc8 18. Rf2 Rf8 19. Bf1 Bd7 20. Rd1 Rad8 21. Bg2 Be6 22. Qe2 f5 23. exf5 Bxf5 24. Re1 Nf6 25. d5 Bd7 26. Qd3 Qf7 27. Nd2 Rde8 28. Ne4 Bf5 29. Rd1 Qd7 30. Rdf1 Bxe4 31. fxe4 Ng4 32. Rxf8+ Rxf8 33. Bh3 Rxf1+ 34. Qxf1 Nxe3 35. Bxd7 Nxf1 36. Kxf1 Nf8 37. Bg4 Nh7 38. Ke2 Nf6 39. Be6+ Kf8 40. Bf5 Kf7 41. Ke3 g6 42. Bc8 Ke7 43. h3 Nh5 44. Kf3 Kd8 45. Bb7 Kd7 46. Bc6+ Ke7 47. a3 Nf6 48. a4 a5 49. Bb5 g5 50. Bc6 Nd7 51. Bb5 Nc5 52. Bc6 Kf6 53. Bb5 Nd3 54. Bc6 Nb2 55. Bb5 Nd1 56. Ke2 Nxc3+ 57. Kf3 Nxb5 58. cxb5 h5 59. Ke3 h4 60. g4 Kg6 61. Kd3 Kg7 62. Kc4 Kf6 63. Kc3 Ke7 64. Kc4 Kf6 65. Kc3 Ke7 66. Kc4 Kf6 67. Kc3 {Game drawn by repetition} 1/2-1/2

[Event "FICS rated lightning game"]
[Site "FICS freechess.org"]
[FICSGamesDBGameNo "20002575"]
[White "Jappp"]
[Black "Superjhemp"]
[WhiteElo "1503"]
[BlackElo "1599"]
[WhiteRD "na"]
[BlackRD "na"]
[TimeControl "0+1"]
[Date "1999.10.13"]
[Time "08:06:00"]
[WhiteClock "0:10.000"]
[BlackClock "0:10.000"]
[ECO "B07"]
[PlyCount "34"]
[Result "0-1"]

1. e4 d6 2. Nf3 Nf6 3. Nc3 c6 4. d4 Bg4 5. Bg5 Qa5 6. Bxf6 gxf6 7. Be2 Bg7 8. h3 Bh5 9. g4 Bg6 10. Bd3 O-O 11. Nh4 e5 12. Nxg6 fxg6 13. d5 cxd5 14. exd5 Nd7 15. Qd2 Nb6 16. h4 Nxd5 17. Nxd5 Qxd5 {White forfeits on time} 0-1

[Event "FICS rated blitz game"]
[Site "FICS freechess.org"]
[FICSGamesDBGameNo "20002574"]
[White "GoBigRed"]
[Black "salex"]
[WhiteElo "1694"]
[BlackElo "1815"]
[WhiteRD "na"]
[BlackRD "na"]
[TimeControl "180+0"]
[Date "1999.10.13"]
[Time "06:33:00"]
[WhiteClock "0:03:00.000"]
[BlackClock "0:03:00.000"]
[ECO "C36"]
[PlyCount "112"]
[Result "1/2-1/2"]

1. e4 e5 2. f4 d5 3. Nf3 exf4 4. exd5 Nf6 5. d4 Nxd5 6. c4 Ne3 7. Bxe3 fxe3 8. Bd3 Bb4+ 9. Nc3 O-O 10. Qe2 Re8 11. h3 Nc6 12. a3 Bf8 13. d5 Ne5 14. Nxe5 Qh4+ 15. Kd1 Rxe5 16. Kc2 Qf2 17. Raf1 Qxe2+ 18. Bxe2 Bf5+ 19. Bd3 Bxd3+ 20. Kxd3 a5 21. Rf3 Rae8 22. Re1 Bc5 23. Nd1 e2 24. Nc3 Re3+ 25. Kd2 Rxf3 26. gxf3 f5 27. Rxe2 Rxe2+ 28. Kxe2 Kf7 29. Na4 Bd4 30. b4 axb4 31. axb4 g5 32. Kd3 Bg1 33. Nc5 b6 34. Ne6 c5 35. bxc5 bxc5 36. Kc2 Kf6 37. Kb3 h5 38. Ka4 Bh2 39. Kb5 Bd6 40. Nxc5 Bxc5 41. Kxc5 g4 42. fxg4 hxg4 43. hxg4 fxg4 44. Kc6 g3 45. d6 g2 46. d7 g1=Q 47. d8=Q+ Ke6 48. Qe8+ Kf5 49. Qf7+ Ke5 50. Qd5+ Kf6 51. Qd6+ Kf5 52. Qd7+ Kf6 53. Qd6+ Kf5 54. Qd7+ Kf6 55. Qd6+ Kf5 56. Qd7+ Kf6 {Game drawn by repetition} 1/2-1/2

[Event "FICS rated blitz game"]
[Site "FICS freechess.org"]
[FICSGamesDBGameNo "20002573"]
[White "Dunderberg"]
[Black "GeneralManager"]
[WhiteElo "1566"]
[BlackElo "1644"]
[WhiteRD "na"]
[BlackRD "na"]
[TimeControl "180+0"]
[Date "1999.10.13"]
[Time "05:28:00"]
[WhiteClock "0:03:00.000"]
[BlackClock "0:03:00.000"]
[ECO "C05"]
[PlyCount "81"]
[Result "0-1"]

1. e4 e6 2. d4 d5 3. Nd2 Nf6 4. e5 Nfd7 5. f4 c5 6. c3 Nc6 7. Ngf3 cxd4 8. cxd4 Qb6 9. Nb3 Bb4+ 10. Bd2 a5 11. Bd3 a4 12. Bxb4 Qxb4+ 13. Nbd2 Nxd4 14. O-O Nc5 15. Be2 Nxe2+ 16. Qxe2 Bd7 17. a3 Qb6 18. Qf2 Bb5 19. Rfc1 Nd7 20. Qxb6 Nxb6 21. Rc7 Bc6 22. Nd4 Rc8 23. Rxc8+ Nxc8 24. Rc1 Na7 25. N2f3 h6 26. Rc2 Kd7 27. b4 Rc8 28. Nxc6 Rxc6 29. Rxc6 Nxc6 30. Kf2 f6 31. exf6 gxf6 32. Nh4 Nd4 33. Ke3 Nc2+ 34. Kd3 Nxa3 35. g4 Nb5 36. Ng6 a3 37. Kc2 d4 38. Kb3 d3 39. f5 exf5 40. gxf5 d2 41. Kc2 {White forfeits on time} 0-1

[Event "FICS rated blitz game"]
[Site "FICS freechess.org"]
[FICSGamesDBGameNo "20002572"]
[White "gais"]
[Black "noplay"]
[WhiteElo "1200"]
[BlackElo "1076"]
[WhiteRD "na"]
[BlackRD "na"]
[TimeControl "120+10"]
[Date "1999.10.13"]
[Time "04:31:00"]
[WhiteClock "0:02:00.000"]
[BlackClock "0:02:00.000"]
[ECO "A47"]
[PlyCount "139"]
[Result "1-0"]

1. d4 b6 2. e3 Bb7 3. Nf3 Nf6 4. Be2 e6 5. O-O Bd6 6. c4 Ng4 7. h3 Nh6 8. Nc3 Nf5 9. e4 Nh6 10. e5 Be7 11. d5 Nf5 12. dxe6 dxe6 13. Qxd8+ Bxd8 14. Bf4 O-O 15. Rad1 Nc6 16. Rd7 Nb4 17. a3 Nc6 18. Bd3 Na5 19. Nb5 Bxf3 20. gxf3 Nh4 21. Be2 Nb3 22. Nxc7 Bxc7 23. Rxc7 Nd4 24. Bd1 Ndxf3+ 25. Bxf3 Nxf3+ 26. Kg2 Nh4+ 27. Kg3 Nf5+ 28. Kg4 Nh6+ 29. Kh5 Nf5 30. Kg5 Nd4 31. Be3 Nf5 32. f4 Nxe3 33. Re1 Nf5 34. h4 h6+ 35. Kg4 Nd4 36. Re4 Nc2 37. f5 exf5+ 38. Kxf5 Rfc8 39. Rxc8+ Rxc8 40. e6 Rc5+ 41. Kf4 fxe6 42. Rxe6 Rxc4+ 43. Ke5 Ne1 44. Kf5 Rc2 45. Kg6 Rg2+ 46. Kh5 Kf7 47. Rxe1 Rxb2 48. Rf1+ Ke7 49. Kg6 Rg2+ 50. Kh7 Rh2 51. Rf4 Ra2 52. a4 a5 53. Kxg7 h5 54. Kg6 Re2 55. Kxh5 Re5+ 56. Kg4 Re6 57. h5 Kd6 58. Kg5 Ke5 59. Rh4 Re8 60. h6 Rg8+ 61. Kh5 Kf5 62. h7 Rh8 63. Kh6 Ke5 64. Rg4 Kf5 65. Rg8 Rxh7+ 66. Kxh7 b5 67. axb5 a4 68. b6 a3 69. b7 a2 70. Ra8 {Black resigns} 1-0

[Event "FICS rated blitz game"]
[Site "FICS freechess.org"]
[FICSGamesDBGameNo "20002570"]
[White "Erron"]
[Black "Miqualle"]
[WhiteElo "1472"]
[BlackElo "1318"]
[WhiteRD "na"]
[BlackRD "na"]
[TimeControl "180+0"]
[Date "1999.10.13"]
[Time "03:31:00"]
[WhiteClock "0:03:00.000"]
[BlackClock "0:03:00.000"]
[ECO "C41"]
[PlyCount "37"]
[Result "1-0"]

1. e4 e5 2. Nf3 d6 3. Bc4 Bg4 4. h3 Bxf3 5. Qxf3 Nf6 6. Nc3 c6 7. O-O Be7 8. d3 Nbd7 9. Bg5 O-O 10. Rad1 Nb6 11. Bb3 Nh5 12. Bxe7 Qxe7 13. Qxh5 Rae8 14. Na4 d5 15. Nxb6 axb6 16. exd5 cxd5 17. Bxd5 e4 18. Bxe4 b5 19. Qxh7# {Black checkmated} 1-0

[Event "FICS rated lightning game"]
[Site "FICS freechess.org"]
[FICSGamesDBGameNo "20002569"]
[White "maxitch"]
[Black "stargleamer"]
[WhiteElo "1505"]
[BlackElo "1478"]
[WhiteRD "na"]
[BlackRD "na"]
[TimeControl "120+0"]
[Date "1999.10.13"]
[Time "00:33:00"]
[WhiteClock "0:02:00.000"]
[BlackClock "0:02:00.000"]
[ECO "A00"]
[PlyCount "74"]
[Result "0-1"]

1. b4 e5 2. Bb2 d6 3. e3 Be6 4. Nf3 c5 5. b5 Qd7 6. a4 a6 7. c4 axb5 8. axb5 Rxa1 9. Bxa1 Nf6 10. Be2 Ne4 11. d3 Nf6 12. O-O e4 13. dxe4 Be7 14. e5 Ne4 15. exd6 Bxd6 16. Nbd2 Nxd2 17. Qxd2 Bg4 18. h3 Bxf3 19. Qb2 Bxe2 20. Qxe2 O-O 21. Rd1 Rd8 22. Kh1 Qf5 23. g4 Qg6 24. f4 Nd7 25. f5 Qg5 26. Rxd6 Qh4 27. Qd1 Qxh3+ 28. Kg1 Qg3+ 29. Kf1 Qxe3 30. Rxd7 Rxd7 31. Qxd7 h6 32. Qd1 Qf4+ 33. Ke2 Qxg4+ 34. Kd2 Qf4+ 35. Kc2 Qxf5+ 36. Kb3 Qh3+ 37. Bc3 Qe3 {White forfeits on time} 0-1

[Event "FICS rated blitz game"]
[Site "FICS freechess.org"]
[FICSGamesDBGameNo "20002568"]
[White "gnab"]
[Black "AlphaWolf"]
[WhiteElo "1571"]
[BlackElo "1600"]
[WhiteRD "na"]
[BlackRD "na"]
[TimeControl "300+3"]
[Date "1999.10.13"]
[Time "00:17:00"]
[WhiteClock "0:05:00.000"]
[BlackClock "0:05:00.000"]
[ECO "E81"]
[PlyCount "56"]
[Result "0-1"]

1. d4 Nf6 2. c4 g6 3. Nc3 Bg7 4. e4 d6 5. f3 O-O 6. Be3 c5 7. Qd2 cxd4 8. Bxd4 Nc6 9. Be3 e6 10. O-O-O Ne8 11. h4 Qa5 12. Nge2 Ne5 13. Nd4 Qb4 14. b3 Nc6 15. h5 Qa3+ 16. Kb1 Nxd4 17. Bxd4 e5 18. Be3 a5 19. Bh6 a4 20. Bxg7 Nxg7 21. hxg6 axb3 22. Rxh7 bxa2+ 23. Nxa2 fxg6 24. Rh6 Be6 25. Rxg6 b5 26. Qxd6 Qxa2+ 27. Kc1 Qa1+ 28. Kd2 Rad8 {White resigns} 0-1

[Event "FICS rated blitz game"]
[Site "FICS freechess.org"]
[FICSGamesDBGameNo "20002566"]
[White "caper"]
[Black "Witt"]
[WhiteElo "1167"]
[BlackElo "1157"]
[WhiteRD "na"]
[BlackRD "na"]
[TimeControl "300+12"]
[Date "1999.10.12"]
[Time "22:55:00"]
[WhiteClock "0:05:00.000"]
[BlackClock "0:05:00.000"]
[ECO "C68"]
[PlyCount "144"]
[Result "0-1"]

1. e4 e5 2. Nf3 Nc6 3. Bb5 a6 4. Bxc6 dxc6 5. Nxe5 Qd4 6. Ng4 Qxe4+ 7. Ne3 Bc5 8. O-O Ne7 9. Nc3 Qd4 10. Ne2 Qe4 11. Re1 O-O 12. Ng3 Qf4 13. Nh5 Qd6 14. Nc4 Qd5 15. d3 Qf5 16. Bf4 Nd5 17. Re5 Qd7 18. Qg4 Qxg4 19. Rg5 Nxf4 20. Nf6+ Kh8 21. Nxg4 Ne2+ 22. Kf1 Re8 23. Nge3 Bxe3 24. Nxe3 Nd4 25. c3 Ne6 26. Re5 f6 27. Re4 Bd7 28. Re1 Nc5 29. Rxe8+ Rxe8 30. d4 Nd3 31. Re2 Nf4 32. g3 Nd5 33. Nxd5 Rxe2 34. Kxe2 cxd5 35. f4 Bg4+ 36. Ke3 g5 37. fxg5 fxg5 38. Kf2 b6 39. Kg2 c5 40. h3 Be6 41. h4 gxh4 42. gxh4 Bg4 43. Kg3 h5 44. Kf4 Kg7 45. Ke5 Bf3 46. dxc5 bxc5 47. Kd6 Kf6 48. Kxc5 Kf5 49. b4 Kg4 50. a4 Kxh4 51. b5 axb5 52. axb5 Kg5 53. Kd4 Bg4 54. b6 Bc8 55. Kxd5 Bb7+ 56. Kd6 h4 57. Kc7 Be4 58. c4 h3 59. c5 h2 60. c6 h1=Q 61. b7 Qh2+ 62. Kb6 Bxc6 63. Kxc6 Qb8 64. Kb6 Kf6 65. Kc6 Ke6 66. Kb6 Kd6 67. Ka5 Qxb7 68. Ka4 Kc5 69. Ka3 Kc4 70. Ka2 Kc3 71. Ka1 Kc2 72. Ka2 Qb2# {White checkmated} 0-1